 Dungeon Crawl Stone Soup version 0.30-a0-125-g51eefa89be (webtiles) character file.

Game seed: 78486298053056556

219 Flugkiller the Chiller (level 6, -4/50 HPs)
             Began as a Meteoran Ice Elementalist on Sept 18, 2022.
             Slain by a gnoll sergeant
             ... wielding a +0 trident
              (12 damage)
             ... on level 4 of the Dungeon.
             The game lasted 00:03:46 (773 turns).

Flugkiller the Chiller (Meteoran Ice Elementalist)   Turns: 773, Time: 00:03:47

Health: -4/50      AC:  3    Str: 10    XL:     6   Next: 41%
Magic:  3/14       EV: 12    Int: 19    God:
Gold:   115        SH:  0    Dex: 14    Spells: 10/14 levels left

rFire   . . .      SeeInvis .    d - +0 mace
rCold   . . .      Faith    .    (no shield)
rNeg    . . .      Spirit   .    a - +0 robe
rPois   .          Reflect  .    (no helmet)
rElec   .          Harm     .    (no cloak)
rCorr   .          Rampage  .    (no gloves)
Will    .....                    i - +0 pair of boots
Stlth   +.........               (no amulet)
HPRegen 0.16/turn                (no ring)
MPRegen 0.14/turn                (no ring)

@: freezing walls, very slightly contaminated, glowing
A: sense surroundings 1, otherworldly, glowing, explore regen
a: no special abilities


You were on level 4 of the Dungeon.
You visited 1 branch of the dungeon, and saw 4 of its levels.

You collected 115 gold pieces.

Inventory:

Hand Weapons
 d - a +0 mace (weapon)
   (You found it on level 1 of the Dungeon)
Armour
 a - a +0 robe (worn)
 i - a +0 pair of boots (worn)
   (You found it on level 1 of the Dungeon)
 n - a scarf of shadows
   (You found it on level 3 of the Dungeon)
Magical Staves
 p - a staff of death
   (You found it on level 2 of the Dungeon)
Wands
 r - a wand of quicksilver (5)
   (You found it on level 3 of the Dungeon)
Scrolls
 c - 2 scrolls of identify {unknown}
 e - a scroll of vulnerability {unknown}
 h - a scroll of torment {unknown}
 k - a scroll of silence {unknown}
 o - a scroll of teleportation {unknown}
Potions
 b - a potion of magic
 f - a potion of degeneration {unknown}
 j - a potion of attraction {unknown}
 l - a potion of cancellation {unknown}
 m - a potion of haste {unknown}
 q - a potion of curing
 w - 2 potions of heal wounds


   Skills:
 + Level 2.6 Fighting
 - Level 2.6 Dodging
 - Level 1.5 Stealth
 + Level 4.8 Spellcasting
 + Level 5.8 Ice Magic


You had 10 spell levels left.
You knew the following spells:

 Your Spells              Type           Power      Damage    Failure   Level
a - Freeze                Ice            100%       1d11      1%          1
b - Frozen Ramparts       Ice            52%        1d8       3%          3

Your spell library contained the following spells:

 Spells                   Type           Power      Damage    Failure   Level
 Ozocubu's Armour         Ice            26%        N/A       3%          3
 Sting                    Tmut/Pois      16%        1d3       13%         1
 Blink                    Tloc           8%         N/A       19%         2
 Poisonous Vapours        Pois/Air       8%         N/A       19%         2
 Lesser Beckoning         Tloc           4%         N/A       36%         3
 Hailstorm                Conj/Ice       15%        3d5       36%         4
 Manifold Assault         Tloc           4%         N/A       77%         4
 Olgreb's Toxic Radiance  Pois           4%         N/A       77%         4


Dungeon Overview and Level Annotations

Branches:
Dungeon (4/15) Zot: 1618
 Temple: D:4-7

Altars:
Cheibriados
Okawaru


Innate Abilities, Weirdness & Mutations

You passively map a small area around you.
You are easily found by Zot.
You glow in the dark.
You regain HP and MP as you explore.


Message History

Casting: Freeze (safe; 1% risk of failure)
Confirm with . or Enter, or press ? or * to list all spells.
The walls around you are covered in ice.
The wall freezes the gnoll. x2; The gnoll misses you.
The wall freezes the gnoll.
Casting: Frozen Ramparts (dangerous; 3% risk of failure)
Confirm with . or Enter, or press ? or * to list all spells.
Aiming: Freeze (safe; 1% risk of failure)
Press: ? - help, Shift-Dir - straight line, f - gnoll
Aim: a gnoll, wielding a +0 club (moderately wounded)
You freeze the gnoll.
The gnoll is severely wounded.
The wall freezes the gnoll but does no damage. x2
The gnoll misses you.
The wall freezes the gnoll sergeant.
The gnoll sergeant closely misses you.
The wall freezes the gnoll.
Casting: Freeze (safe; 1% risk of failure)
Confirm with . or Enter, or press ? or * to list all spells.
Aiming: Freeze (safe; 1% risk of failure)
Press: ? - help, Shift-Dir - straight line, f/p - gnoll
Aim: a gnoll, wielding a +0 club (severely wounded)
You freeze the gnoll.
The gnoll is severely wounded.
The wall freezes the gnoll!
You kill the gnoll!
The wall freezes the gnoll. x2
The wall freezes the gnoll sergeant but does no damage.
The gnoll sergeant closely misses you.
The wall freezes the gnoll.
You kill the gnoll!
The wall freezes the gnoll.
You kill the gnoll!
The wall freezes the gnoll sergeant but does no damage.
The gnoll sergeant hits you from afar with a +0 trident.
The wall freezes the gnoll.
Casting: Freeze (safe; 1% risk of failure)
Confirm with . or Enter, or press ? or * to list all spells.
Aiming: Freeze (safe; 1% risk of failure)
Press: ? - help, Shift-Dir - straight line, f - gnoll
Aim: a gnoll, wielding a +0 club (moderately wounded)
You freeze the gnoll.
The gnoll is heavily wounded.
The wall freezes the gnoll.
The gnoll closely misses you.
The wall freezes the gnoll sergeant.
The gnoll sergeant hits you from afar with a +0 trident!
Casting: Freeze (safe; 1% risk of failure)
Confirm with . or Enter, or press ? or * to list all spells.
Aiming: Freeze (safe; 1% risk of failure)
Press: ? - help, Shift-Dir - straight line, f/p - gnoll
Aim: a gnoll, wielding a +0 club (severely wounded)
You freeze the gnoll.
You kill the gnoll!
The wall freezes the gnoll but does no damage.
The wall freezes the gnoll sergeant.
The gnoll sergeant hits you from afar with a +0 trident!
Casting: Freeze (safe; 1% risk of failure)
Confirm with . or Enter, or press ? or * to list all spells.
Aiming: Freeze (safe; 1% risk of failure)
Press: ? - help, Shift-Dir - straight line, f - gnoll
Aim: a gnoll, wielding a +0 whip You freeze the gnoll.
The gnoll is moderately wounded.
The wall freezes the gnoll but does no damage.
The gnoll closely misses you.
The wall freezes the gnoll sergeant but does no damage.
The gnoll sergeant closely misses you.
Casting: Freeze (safe; 1% risk of failure)
Confirm with . or Enter, or press ? or * to list all spells.
Aiming: Freeze (safe; 1% risk of failure)
Press: ? - help, Shift-Dir - straight line, f/p - gnoll
Aim: a gnoll, wielding a +0 whip (moderately wounded)
You miscast Freeze.
You are very lightly contaminated with residual magic.
Nothing appears to happen.
The wall freezes the gnoll.
The gnoll hits you with a +0 whip.
The wall freezes the gnoll sergeant.
The gnoll sergeant hits you from afar with a +0 trident!
* * * LOW HITPOINT WARNING * * *
Casting: Freeze (safe; 1% risk of failure)
Confirm with . or Enter, or press ? or * to list all spells.
Aiming: Freeze (safe; 1% risk of failure)
Press: ? - help, Shift-Dir - straight line, f/p - gnoll
Aim: a gnoll, wielding a +0 whip (moderately wounded)
You freeze the gnoll.
The gnoll is severely wounded.
The wall freezes the gnoll.
The gnoll barely misses you.
The wall freezes the gnoll sergeant.
The gnoll sergeant hits you from afar with a +0 trident.
* * * LOW HITPOINT WARNING * * *
Unknown command.
Your frozen ramparts will break if you move.
Continue?
Okay, then.
Casting: Freeze (safe; 1% risk of failure)
Confirm with . or Enter, or press ? or * to list all spells.
Aiming: Freeze (safe; 1% risk of failure)
Press: ? - help, Shift-Dir - straight line, f/p - gnoll
Aim: a gnoll, wielding a +0 whip (almost dead)
You freeze the gnoll.
You kill the gnoll!
The wall freezes the gnoll sergeant but does no damage.
The gnoll sergeant hits you from afar with a +0 trident!
You die...

, .....###........... ,
* ≈≈≈≈≈≈≈........)...
#≈≈≈##≈............ * *
, ######≈#........... ,
..≈≈#.).#≈≈............
,
.≈≈#...#≈≈#...........
## .≈≈
)g.#≈≈##.......... *
##.,
.≈###)###≈###.........
#...,#≈##≈@≈##≈#
##........ *,
...##≈≈≈≈.≈≈≈≈#
##......#
,*#...###...###
###..... ##...###..##
####.. , **#.....##..#
##. * #.....##..# ##
#......#..# #
#......#..# *
#######..##


You could see a gnoll sergeant.

Vanquished Creatures
  A phantom (D:4)
  A scorpion (D:4)
  5 gnolls (D:4)
  2 adders (D:2)
  A dart slug (D:4)
  4 ball pythons
  2 endoplasms (D:1)
  2 goblins (D:4)
  3 hobgoblins
  A quokka (D:1)
  2 bats (D:1)
  2 frilled lizards (D:1)
  2 kobolds
  3 rats
31 creatures vanquished.

Vanquished Creatures (others)
  2 fungi (D:2)
  5 toadstools (D:2)
7 creatures vanquished.

Grand Total: 38 creatures vanquished

Notes
Turn   | Place    | Note
-------+----------+-------------------------------------------
     0 | D:1      | Flugkiller the Meteoran Ice Elementalist began the quest
                  | for the Orb.
     0 | D:1      | Reached XP level 1. HP: 14/14 MP: 5/5
    71 | D:1      | Reached XP level 2. HP: 14/20 MP: 3/6
   295 | D:2      | Reached XP level 3. HP: 22/26 MP: 4/8
   504 | D:3      | Learned a level 3 spell: Frozen Ramparts
   573 | D:4      | Noticed a phantom
   590 | D:4      | Killed a phantom
   591 | D:4      | Reached skill level 1 in Fighting
   591 | D:4      | Reached skill level 5 in Ice Magic
   591 | D:4      | Reached XP level 4. HP: 12/36 MP: 9/11
   591 | D:4      | Reached XP level 5. HP: 14/41 MP: 9/12
   635 | D:4      | Found an iron altar of Okawaru.
   662 | D:4      | Reached XP level 6. HP: 50/50 MP: 9/13
   666 | D:4      | Found a snail-covered altar of Cheibriados.
   773 | D:4      | Slain by a gnoll sergeant

Illustrated notes

Levels and vault maps discovered:
D:1:      dpeg_chamrin_arrival_tetris, layout_basic, hangedman_decor_points
D:2:      layout_basic, chequers_serial_rivers_small_b, minmay_gold_behind_fungi
D:3:      layout_loops_ring, mainiacjoe_overflow_catwalk
D:4:      layout_cave_pods, mainiacjoe_overflow_alcove_1, lemuel_tele_altar,
          kennysheep_okawaru_gauntlet, lightli_minifort

Skill      XL: |  1  2  3  4  5 |
---------------+----------------+-----
Spellcasting   | 3 4 |  4.8
Fighting       | 1 2 |  2.6
Ice Magic      | 5 |  5.8
Dodging        | |  2.6
Stealth        | |  1.5

Action                   |  1- 3 |  4- 6 || total
-------------------------+-------+-------++-------
Melee: Unarmed           |     2 |       ||     2
       Mace              |    13 |     2 ||    15
       Punch             |     1 |       ||     1
 Cast: Freeze            |    28 |    16 ||    44
       Frozen Ramparts   |     1 |     2 ||     3
Evoke: Wand              |     1 |       ||     1
  Use: Scroll            |     1 |       ||     1
       Potion            |       |     2 ||     2
Armor: Robe              |     6 |     2 ||     8
Dodge: Dodged            |    29 |    15 ||    44

Table legend: (Time is in decaauts)
 A = Elapsed time spent in this place.
 B = Non-inter-level travel time spent in this place.
 C = Inter-level travel time spent in this place.
 D = Time resting spent in this place.
 E = Time spent auto-exploring this place.
 F = Levels seen in this place.
 G = Mean time per level.
                   A        B        C        D        E       F      G
               +--------+--------+--------+--------+--------+-----+--------+
         Total |    780 |    780 |      0 |      0 |      0 |   4 |  195.0 |
       Dungeon |    780 |    780 |      0 |      0 |      0 |   4 |  195.0 |
               +--------+--------+--------+--------+--------+-----+--------+

Top non-repeatable levels by time:
     D:2: 242 daAuts
     D:4: 218 daAuts
     D:1: 194 daAuts
     D:3: 124 daAuts
